 Dungeon Crawl Stone Soup version 0.29-a0-997-gf6f7e2dfe7 (webtiles) character file.

Game seed: 2032063859570443075

902 gelatine the Insei (level 8, -3/50 HPs)
             Began as an Octopode Transmuter on Aug 4, 2022.
             Killed from afar by a steam dragon (9 damage)
             ... with a ball of steam
             ... on level 6 of the Dungeon.
             The game lasted 00:21:48 (5172 turns).

gelatine the Insei (Octopode Transmuter)            Turns: 5172, Time: 00:21:50

Health: -3/50      AC:  1    Str:  9    XL:     8   Next: 7%
Magic:  0/14       EV: 17    Int: 18    God:
Gold:   368        SH:  0    Dex: 12    Spells: 9/15 levels left

rFire   . . .      SeeInvis .   z - +7 mace of Heymmobb {vorpal, rElec rN+}
rCold   + . .      Faith    .   (no shield)
rNeg    + . .      Spirit   +   (helmet currently unavailable)
rPois   .          Reflect  .   i - amulet of guardian spirit
rElec   +          Harm     .   c - ring of willpower
rCorr   .          Rampage  .   g - ring of protection from cold
Will    +....                   f - ring "Loasaypas" {Wiz Slay+2}
Stlth   +++.......              r - +4 ring of evasion
HPRegen 0.16/turn               (no ring)
MPRegen 0.14/turn               (no ring)
                                (no ring)
                                (no ring)

@: appendages, wereblooded
A: tentacle spike 3, almost no armour, amphibious, 8 rings, camouflage 1,
gelatinous body 1, (nimble swimmer 1), tentacles
a: End Transformation


You were on level 6 of the Dungeon.
One of your tentacles had grown a beastly spike.
You visited 1 branch of the dungeon, and saw 7 of its levels.
You also visited: Sewer.

You collected 368 gold pieces.

Inventory:

Hand Weapons
 z - the +7 mace of Heymmobb (weapon) {vorpal, rElec rN+}
   (You found it on level 5 of the Dungeon)

   It inflicts extra damage upon your enemies.
   rElec:     It insulates you from electricity.
   rN:        It protects you from negative energy.
Missiles
 d - 3 atropa-tipped darts
 h - 5 poisoned darts
Magical Staves
 s - a staff of conjuration
Jewellery
 c - a ring of willpower (left tentacle)
 f - the ring "Loasaypas" (on tentacle) {Wiz Slay+2}
   (You acquired it on level 4 of the Dungeon)

   [ring of wizardry]

   It improves your spell success rate.
   Slay:      It affects your accuracy & damage with ranged weapons and melee
   (+2).
 g - a ring of protection from cold (right tentacle)
 i - an amulet of guardian spirit (around mantle)
 r - a +4 ring of evasion (on tentacle)
Wands
 o - a wand of mindburst (9)
 u - a wand of light (13)
Scrolls
 j - a scroll of fog {unknown}
 k - 2 scrolls of noise {unknown}
 l - a scroll of enchant armour {unknown}
 m - 2 scrolls of vulnerability {unknown}
 n - a scroll of torment {unknown}
 p - 2 scrolls of teleportation {unknown}
 q - a scroll of immolation {unknown}
 t - a scroll of fear {unknown}
 v - 3 scrolls of identify
 w - a scroll of enchant weapon {unknown}
Potions
 a - 2 potions of lignification
 b - 3 potions of invisibility
 e - a potion of haste


   Skills:
 + Level 1.9 Fighting
 + Level 0.2 Short Blades
 * Level 0.9 Maces & Flails
 + Level 3.1 Dodging
 + Level 4.2 Stealth
 + Level 5.5 Unarmed Combat
 + Level 4.3 Spellcasting
 + Level 4.3 Transmutations
 + Level 0.6 Poison Magic
 * Level 1.0 Evocations


You had 9 spell levels left.
You knew the following spells:

 Your Spells              Type           Power      Damage    Failure   Level
a - Beastly Appendage     Tmut           38%        N/A       1%          1
b - Wereblood             Tmut           19%        N/A       1%          2
c - Spider Form           Tmut/Pois      12%        N/A       6%          3

Your spell library contained the following spells:

 Spells                   Type           Power      Damage    Failure   Level
 Poisonous Vapours        Pois/Air       10%        N/A       8%          2
 Scorch                   Fire           6%         2d5       9%          2
 Confusing Touch          Hex            3%         N/A       17%         3
 Portal Projectile        Hex/Tloc       6%         N/A       17%         3
 Teleport Other           Tloc           3%         N/A       17%         3
 Tukima's Dance           Hex            3%         N/A       17%         3
 Ice Form                 Ice/Tmut       11%        N/A       24%         4
 Blade Hands              Tmut           9%         N/A       26%         5
 Corpse Rot               Necr/Pois/Air  4%         N/A       45%         4
 Flame Wave               Conj/Fire      3%         2d5       47%         4
 Yara's Violent Unravell  Hex/Tmut       5%         3d4       52%         5
 Summon Cactus Giant      Summ           1%         N/A       100%        6
 Enfeeble                 Hex            1%         N/A       100%        7
 Malign Gateway           Summ/Tloc      1%         N/A       100%        7


Dungeon Overview and Level Annotations

Branches:
Dungeon (7/15)              Sewer (visited)
 Temple: D:4-7

Altars:
Qazlal
Xom
The Shining One

Shops:
D:4 (


Innate Abilities, Weirdness & Mutations

One of your tentacles has grown a beastly spike.
You cannot wear most types of armour.
You are amphibious.
You can wear up to eight rings at the same time.
Your skin changes colour to match your surroundings (Stealth+).
Your rubbery body absorbs attacks. (AC +1, EV +1)
((You are camouflaged when in or above water. (Stealth+)))
You have tentacles for arms and can constrict up to eight enemies at once.


Message History

The hound attacks as you move away! The hound completely misses you.
The steam dragon breathes steam at you. The ball of steam misses you.
You hear an angry hiss.
You see here a wand of paralysis (14).
Casting: Beastly Appendage (safe; 1% risk of failure)
Confirm with . or Enter, or press ? or * to list all spells.
One of your tentacles grows a vicious spike.
You are engulfed in a cloud of scalding steam.
The hound is engulfed in a cloud of scalding steam.
The hound misses you.
The hound is engulfed in a cloud of scalding steam.
The hound bites you. The steam dragon barely misses you.
The steam dragon closely misses you.
Casting: Beastly Appendage (safe; 1% risk of failure)
Confirm with . or Enter, or press ? or * to list all spells.
Your blood is infused with primal strength.
You are engulfed in a cloud of scalding steam.
The hound is engulfed in a cloud of scalding steam.
The hound bites you.
* * * LOW HITPOINT WARNING * * *
The steam dragon bites you!
* * * LOW HITPOINT WARNING * * *
The steam dragon claws you.
* * * LOW HITPOINT WARNING * * *
The hound attacks as you move away! The hound completely misses you.
Found a ring mail.
The hound is engulfed in a cloud of scalding steam.
The hound dies!
You completely miss the steam dragon.
You pierce the steam dragon, but do no damage.
The steam dragon bites you but does no damage.
The steam dragon closely misses you.
Aiming: Mindburst
Press: ? - help, Q - select action, (/) - cycle Shift-Dir - straight line, f - steam dragon
Aim: a steam dragon (chance to affect: 69%)
The steam dragon's mind is blasted!
The steam dragon breathes steam at you. The ball of steam hits you!
You die...

....##..##>#.#
...........#.#
#####....###..####.#
#...#....# #..# #.#
#...##...# #..## #..
#..ยง##...# #...# ##
#.^.##...####..#
#...##.....##..#
...#..@##...#.##..#
........Dh......#..#
.......#8..8#......#
......##....##..........
.....##......##.#..##...
..... ##$$$$###.#.## ..
###[ ###### #.... . ..
.... #.#.## ._.._. #.#.#


You could see a steam dragon (catching breath) and a hound.

Vanquished Creatures
  A wraith (D:5)
  An ogre (D:4)
  3 bullfrogs
  2 orc priests
  3 hounds
  An iguana (D:5)
  An orc wizard (D:3)
  3 gnolls (D:4)
  A river rat (D:3)
  8 adders
  3 worms (D:3)
  4 dart slugs
  16 orcs
  18 ball pythons
  10 endoplasms
  14 giant cockroaches
  11 goblins
  8 hobgoblins
  4 jackals
  8 quokkas
  4 bats
  8 frilled lizards
  9 kobolds
  7 rats
148 creatures vanquished.

Vanquished Creatures (others)
  A hound (D:6)
1 creature vanquished.

Grand Total: 149 creatures vanquished

Notes
Turn   | Place    | Note
-------+----------+-------------------------------------------
     0 | D:1      | gelatine the Octopode Transmuter began the quest for the
                  | Orb.
     0 | D:1      | Reached XP level 1. HP: 13/13 MP: 3/3
   192 | D:1      | Reached XP level 2. HP: 13/18 MP: 3/5
   296 | D:1      | Learned a level 2 spell: Wereblood
   508 | D:1      | Reached XP level 3. HP: 23/23 MP: 4/6
  1384 | D:2      | Reached XP level 4. HP: 28/28 MP: 5/8
  1871 | D:2      | Reached skill level 1 in Stealth
  2193 | D:3      | Found a faded altar of an unknown god.
  2469 | D:3      | Found a glowing golden altar of the Shining One.
  2500 | D:3      | Found a glowing drain.
  2519 | Sewer    | Entered a sewer
  2607 | Sewer    | Reached XP level 5. HP: 27/33 MP: 5/9
  2828 | Sewer    | Reached skill level 4 in Unarmed Combat
  2836 | Sewer    | Reached XP level 6. HP: 13/38 MP: 1/11
  3155 | D:3      | HP: 1/38 [something (1)]
  3634 | D:4      | Identified a scroll of acquirement
  3634 | D:4      | Acquired the ring "Loasaypas" {Wiz Slay+2}
  3641 | D:4      | Learned a level 3 spell: Spider Form
  3667 | D:4      | Found Qac Osa's Weapon Boutique.
  3950 | D:4      | Reached XP level 7. HP: 44/44 MP: 9/12
  4140 | D:4      | Reached skill level 5 in Unarmed Combat
  4558 | D:5      | Entered Level 5 of the Dungeon
  4582 | D:5      | Noticed a wraith
  4766 | D:5      | Identified the +7 mace of Heymmobb {vorpal, rElec rN+}
  4782 | D:5      | Got Valaipt's Vellum of Blight and Displacement
  4854 | D:5      | Killed a wraith
  4855 | D:5      | Reached skill level 1 in Evocations
  4855 | D:5      | Reached XP level 8. HP: 23/50 MP: 6/14
  4880 | D:5      | You fall into a shaft and drop 2 floors!
  5163 | D:6      | Found a stormy altar of Qazlal.
  5165 | D:6      | Found a shimmering altar of Xom.
  5172 | D:6      | Killed from afar by a steam dragon

Illustrated notes

Levels and vault maps discovered:
D:1:      amcnicky_arrival_underground_garden, layout_loops_ring,
          kennysheep_pointless_box
D:2:      layout_basic
D:3:      layout_basic, mainiacjoe_overflow_tiny_flanked,
          cheibrodos_sewer_entry_sluice, chequers_ecumenical_altar_simple_redux
D:4:      layout_basic, serial_shops, nicolae_shop_bloodbath_and_beyond
D:5:      layout_basic, serial_shops, shop, uniq_sigmund
D:6:      layout_basic, jmf_multi_god_temple, uniq_maggie
D:7:      layout_gridville, mainiacjoe_overflow_boulevard,
          minmay_temple_entry_mist, minmay_misc_feat_alley,
          kennysheep_generic_room_13

Skill      XL: |  1  2  3  4  5  6  7 |
---------------+----------------------+-----
Stealth        | 1 2 4 |  4.2
Spellcasting   | 3 4 |  4.3
Transmutations | 3 4 |  4.3
Unarmed Combat | 4 5 |  5.5
Dodging        | 3 |  3.1
Evocations     | 1 |  1.0
Fighting       | |  1.9
Short Blades   | |  0.2
Maces & Flails | |  0.9
Poison Magic   | |  0.6

Action                   |  1- 3 |  4- 6 |  7- 9 || total
-------------------------+-------+-------+-------++-------
Melee: Unarmed           |    71 |   177 |    39 ||   287
       Constrict         |    22 |    37 |    19 ||    78
       Kick              |    20 |    49 |    23 ||    92
       Tentacles         |     9 |    30 |    10 ||    49
       Punch             |     1 |     7 |     6 ||    14
       Dagger            |       |       |    11 ||    11
       Mace              |       |       |    10 ||    10
 Cast: Beastly Appendage |    23 |    35 |    15 ||    73
       Wereblood         |     2 |    15 |     4 ||    21
       Spider Form       |       |     3 |     2 ||     5
Evoke: Wand              |       |       |     2 ||     2
  Use: Scroll            |       |     4 |       ||     4
       Potion            |       |     2 |     1 ||     3
 Stab: Sleeping          |     3 |    15 |    11 ||    29
Armor: Skin              |     2 |     9 |     1 ||    12
Dodge: Dodged            |    34 |   118 |    43 ||   195

Table legend: (Time is in decaauts)
 A = Elapsed time spent in this place.
 B = Non-inter-level travel time spent in this place.
 C = Inter-level travel time spent in this place.
 D = Time resting spent in this place.
 E = Time spent auto-exploring this place.
 F = Levels seen in this place.
 G = Mean time per level.
                   A        B        C        D        E       F      G
               +--------+--------+--------+--------+--------+-----+--------+
         Total |   5143 |   4996 |    147 |    368 |   3310 |   8 |  642.9 |
       Dungeon |   4540 |   4393 |    147 |    368 |   2984 |   7 |  648.6 |
         Sewer |    602 |    602 |      0 |      0 |    326 |   1 |  602.0 |
               +--------+--------+--------+--------+--------+-----+--------+

Top non-repeatable levels by time:
     D:2: 1291 daAuts
     D:1: 1101 daAuts
     D:4: 918 daAuts
     D:3: 604 daAuts
   Sewer: 602 daAuts
     D:5: 332 daAuts
     D:7: 253 daAuts
     D:6: 38 daAuts
